 Dungeon Sprint DCSS version 0.30.1-9-gdf580d7c3d (webtiles) character file.

Game seed: 8222845501626099475

183 Heoruswealwe the Spear-Bearer (level 5, -6/52 HPs)
             Began as a Minotaur Fighter on Oct 23, 2023.
             Was an Initiate of Gozag.
             Killed from afar by an acid dragon (27 damage)
             ... with a splash of acid
             ... in the Dungeon (Sprint IX: "|||||||||||||||||||||||||||||").
             The game lasted 00:03:50 (223 turns).

Heoruswealwe the Spear-Bearer (Minotaur Fighter)     Turns: 223, Time: 00:03:53

Health: -6/52      AC:  6    Str: 22    XL:     5   Next: 35%
Magic:  4/4        EV: 12    Int:  5    God:    Gozag
Gold:   0          SH:  0    Dex: 10    Spells: 4/4 levels left

rFire   . . .        b - +12 glaive of Prune {freeze, Prune}
rCold   . . .        (shield currently unavailable)
rNeg    . . .        c - +1 scale mail
rPois   .            (helmet restricted)
rElec   .            (no cloak)
rCorr   .            f - +0 pair of gloves
SInv    .            (no boots)
Will    .....        (no amulet) Stlth
                     k - +2 ring of evasion
HPRegen 0.28/turn    (no ring)
MPRegen 0.09/turn

%: no teleportation
@: corroded, gold aura
A: horns 2, retaliatory headbutt
a: Renounce Religion, Potion Petition, Call Merchant, Bribe Branch


You were in the Dungeon.
You worshipped Gozag.
Gozag was noncommittal.
You visited 1 branch

Inventory:

Hand Weapons
 a - a +0 trident
 b - the +12 glaive of Prune (weapon) {freeze, Prune}
   (You found it in the Dungeon)

   Prune:     It halves damage taken while paralysed, petrified or unconscious.
Armour
 c - a +1 scale mail (worn)
 d - a +0 buckler
 f - a +0 pair of gloves (worn)
Jewellery
 k - a +2 ring of evasion (left hand)
Wands
 l - a wand of iceblast (10)
Scrolls
 j - 2 scrolls of blinking
Potions
 e - 5 potions of curing
 g - a potion of haste
 h - a potion of heal wounds
 i - a potion of berserk rage
 m - a potion of might


   Skills:
 + Level 7.5 Fighting
 * Level 9.7 Polearms
 + Level 7.5 Armour
 - Level 3.6 Shields


You had 4 spell levels left.
You didn't know any spells.
Your spell library was empty.

Dungeon Overview and Level Annotations

Branches:
Dungeon (1/1)

Altars:
Cheibriados
Dithmenos
Elyvilon
Fedhas
Gozag
Hepliaklqana
Kikubaaqudgha
Makhleb
Nemelex Xobeh
Okawaru
Qazlal
Ru
Sif Muna
Trog
Uskayaw
Vehumet
Wu Jian
Xom
Yredelemnul
Zin
The Shining One
Jiyva
Lugonu


Innate Abilities, Weirdness & Mutations

You have a pair of horns on your head.
You reflexively headbutt those who attack you in melee.


Message History

A howler monkey, a vampire mosquito, 2 orc wizards, an acid dragon and a killer bee come into view.
The orc wizard shouts!
The howler monkey howls!
The vampire mosquito buzzes angrily.
The orc wizard shouts!
The acid dragon roars!
The killer bee stings you.
You miss the killer bee. The killer bee closely misses you.
The killer bee stings you. x2
You are poisoned.
The killer bee poisons you!
You slash the killer bee! You freeze the killer bee.
The killer bee is almost dead.
You feel sick. The killer bee stings you.
The orc wizard casts a spell.
The orc wizard flickers and vanishes!
Deactivating autopickup; reactivate with Ctrl-A.
The orc wizard mumbles some strange words.
The orc wizard flickers and vanishes!
The killer bee closely misses you.
You miss the killer bee. Your headbutt misses the killer bee.
The killer bee is almost dead.
You feel sick. The killer bee closely misses you.
The killer bee stings you but does no damage. x2
You closely miss the killer bee. Your headbutt misses the killer bee.
The killer bee is almost dead.
You feel sick. The killer bee closely misses you. The killer bee stings you.
You barely miss the killer bee. You headbutt the killer bee.
You kill the killer bee!
You feel sick. The acid dragon spits acid at you. The splash of acid hits you!!
Ouch! That really hurt!
* * * LOW HITPOINT WARNING * * *
The acid corrodes you!
Your Polearms skill increases to level 9!
You feel much better.
You feel sick.
You are no longer poisoned.
The acid dragon spits acid at you. The splash of acid hits you!!
Ouch! That really hurt!
You die...
Your body crumbles into a pile of gold. ▓▓▓▓▓▓▓▓▓▓▓▓▓▓▓▓▓▓▓▓▓▓▓▓ .{hy{D$@..=[[)?!'_______ ▓▓▓▓▓▓▓▓▓▓▓▓▓▓▓▓▓▓▓▓▓▓▓▓ $ $$$$$ $ $ $ $$$$$ $$$$$$

You could see an acid dragon (catching breath), a vampire mosquito and a howler monkey.

Vanquished Creatures
  An ice beast (D)
  A killer bee (D)
  A hound (D)
  A white imp (D)
  A dart slug (D)
  An orc (D)
  2 endoplasms (D)
  A bat (D)
  A kobold (D)
  A rat (D)
11 creatures vanquished.

Notes
Turn   | Place    | Note
-------+----------+-------------------------------------------
     0 | D        | Heoruswealwe the Minotaur Fighter began the quest for the
                  | Orb.
     0 | D        | Reached XP level 1. HP: 19/19 MP: 0/0
     8 | D        | Reached skill level 3 in Polearms
    23 | D        | Noticed an ice beast
    23 | D        | Noticed a hound
    27 | D        | Reached skill level 4 in Polearms
    32 | D        | Reached XP level 2. HP: 21/28 MP: 1/1
    40 | D        | Reached skill level 5 in Fighting
    40 | D        | Reached skill level 6 in Polearms
    40 | D        | Reached skill level 5 in Armour
    40 | D        | Reached XP level 3. HP: 28/36 MP: 2/2
    46 | D        | Killed an ice beast
    47 | D        | Reached skill level 8 in Polearms
    47 | D        | Reached XP level 4. HP: 14/47 MP: 3/3
    47 | D        | Reached XP level 5. HP: 16/52 MP: 4/4
    52 | D        | Found a snail-covered altar of Cheibriados.
    52 | D        | Found a shadowy altar of Dithmenos.
    52 | D        | Found a white marble altar of Elyvilon.
    52 | D        | Found a blossoming altar of Fedhas.
    52 | D        | Found an opulent altar of Gozag.
    53 | D        | Found a hazy altar of Hepliaklqana.
    54 | D        | Found a viscous altar of Jiyva.
    55 | D        | Found an ancient bone altar of Kikubaaqudgha.
    56 | D        | Found a corrupted altar of Lugonu.
    57 | D        | Found a burning altar of Makhleb.
    58 | D        | Found a sparkling altar of Nemelex Xobeh.
    59 | D        | Found an iron altar of Okawaru.
    60 | D        | Found a stormy altar of Qazlal.
    61 | D        | Found a sacrificial altar of Ru.
    62 | D        | Found a shimmering blue altar of Sif Muna.
    63 | D        | Found a bloodstained altar of Trog.
    64 | D        | Found a hide-covered altar of Uskayaw.
    65 | D        | Found a radiant altar of Vehumet.
    66 | D        | Found an ornate altar of the Wu Jian Council.
    67 | D        | Found a shimmering altar of Xom.
    68 | D        | Found a basalt altar of Yredelemnul.
    69 | D        | Found a glowing silver altar of Zin.
    70 | D        | Found a glowing golden altar of the Shining One.
    78 | D        | Found the +12 glaive of Prune {freeze, Prune}
   119 | D        | Became a worshipper of Gozag Ym Sagoz the Greedy
   217 | D        | Noticed a vampire mosquito
   217 | D        | Noticed an acid dragon
   222 | D        | HP: 2/52 [acid dragon/splash of acid (26)]
   223 | D        | Reached skill level 9 in Polearms
   223 | D        | Killed from afar by an acid dragon

Illustrated notes

Levels and vault maps discovered:
D:        linesprint [early_d, line_temple, items_1, d_10, items_2, lair_1,
          lair_end, items_3, orc_1, orc_end, items_4, d_15, swamp_1, shoals_1,
          snake_1, spider_1, d_20, vaults_1, items_5, swamp_end, shoals_end,
          snake_end, spider_end, vaults_end, d_27, items_6, zot_1, zot_end,
          crypt_end, forest_end, elf_end, slime_end, tomb_end, abyss_end,
          pan_hell_end]

Skill      XL: |  1  2  3  4  5 |
---------------+----------------+-----
Polearms       | 4 6 8 9 |  9.7
Fighting       | 4 5 7 |  7.5
Armour         | 4 5 7 |  7.5
Shields        | |  3.6

Action                     |  1- 3 |  4- 6 || total
---------------------------+-------+-------++-------
  Melee: Trident           |    31 |       ||    31
         Headbutt          |     3 |     1 ||     4
         Glaive            |       |     5 ||     5
    Use: Potion            |     1 |     1 ||     2
 Armour: Scale mail        |    14 |     2 ||    16
  Dodge: Dodged            |     9 |     4 ||    13
  Block: Buckler           |     5 |       ||     5
